 Dungeon Crawl Stone Soup version 0.17.2-1-ge4368a0 (webtiles) character file.

88 magog001 the Sneak (level 4, -6/29 HPs)
             Began as an Octopode Assassin on Oct 16, 2016.
             Was an Initiate of Sif Muna.
             Mangled by an ogre
             ... wielding a +0 giant club
              (18 damage)
             ... on level 3 of the Dungeon.
             The game lasted 00:12:18 (2432 turns).

magog001 the Sneak (Octopode Assassin)              Turns: 2432, Time: 00:12:18

Health: -6/29      AC:  1    Str: 10    XL:     4   Next: 54%
Magic:  4/4        EV: 12    Int: 13    God:    Sif Muna [......]
Gold:   51         SH:  0    Dex: 14    Spells: 0 memorised, 3 levels left

rFire  . . .     SeeInvis .     a - +2 dagger
rCold  . . .     Clarity  .     (no shield)
rNeg   . . .     SustAt   .     (helmet restricted)
rPois  .         Gourm    .     (no amulet)
rElec  .         Spirit   .     h - ring of invisibility
rCorr  .         Warding  .     (no ring)
rMut   .         Stasis   .     (no ring)
MR     .....                    (no ring)
Stlth  +++++.....               (no ring)
                                (no ring)
                                (no ring)
                                (no ring)

@: not resistant to hostile enchantments, quite stealthy
A: almost no armour, amphibious, 8 rings, constrict 8, camouflage 1, gelatinous
body 1
a: Renounce Religion, Evoke Invisibility


You were on level 3 of the Dungeon.
You worshipped Sif Muna.
Sif Muna was noncommittal.
You were not hungry.

You visited 1 branch of the dungeon, and saw 3 of its levels.

You collected 51 gold pieces.

Inventory:

Hand Weapons
 a - a +2 dagger (weapon)
 b - a +0 blowgun
 o - a +1 antimagic halberd
Missiles
 c - 21 poisoned needles
 d - 2 curare-tipped needles
 k - 33 arrows
 s - 16 arrows of flame
Jewellery
 h - a ring of invisibility (left tentacle)
Scrolls
 j - a scroll of enchant weapon {unknown}
 l - a scroll of amnesia {unknown}
 m - a scroll of identify {unknown}
 n - a scroll of immolation {unknown}
 p - a scroll of noise {unknown}
Potions
 f - 2 potions of curing {unknown}
 i - a potion of heal wounds {unknown}
 r - a potion of resistance {unknown}
Comestibles
 e - 2 bread rations
 g - 2 chunks of flesh
 q - a beef jerky


   Skills:
 * Level 2.2 Fighting
 + Level 2.0 Short Blades
 * Level 3.1 Throwing
 + Level 1.2 Dodging
 * Level 6.9 Stealth
 * Level 0.1 Spellcasting


You had 3 spell levels left.
You didn't know any spells.

Dungeon Overview and Level Annotations

Branches:
Dungeon (3/15)

Altars:
Sif Muna


Innate Abilities, Weirdness & Mutations

You cannot wear most types of armour.
You are amphibious.
You can wear up to eight rings at the same time.
You can use your tentacles to constrict eight enemies at once.
Your skin changes colour to match your surroundings (Stealth).
Your rubbery body absorbs attacks (AC +1).


Message History

A rat comes into view.
The helpless rat fails to defend itself.
You impale the rat!!
You kill the rat!
A bat comes into view.
The helpless bat fails to defend itself.
You impale the bat!!
You kill the bat!
Found 11 gold pieces.
You now have 51 gold pieces (gained 11).
An ogre comes into view. It is wielding a giant club.
The ogre shouts!
You hit the ogre. You squeeze the ogre!
The ogre is moderately wounded.
The ogre hits you with a giant club!
Ouch! That really hurt!
You fail to use your ability.
The ogre hits you with a giant club. The ogre hits you with a giant club!!
Ouch! That really hurt!
You die...

.# .# # #####
#...####################
#..............@.......#
##...######.##.##O#####.#
###.## #.##.##.#####.#
.##.### #.##.......##.#
......# #.#####.##.##.#
.####.# #.#####.......#
### .# #.............#
..# # #######.......# #.#
#.##.##.#


You could see an ogre.

Vanquished Creatures
  3 gnolls
  3 adders (D:2)
  2 worms (D:2)
  5 bats
  A giant cockroach (D:2)
  2 goblins
  3 hobgoblins
  4 kobolds
  2 quokkas
  A giant newt (D:1)
  7 rats
33 creatures vanquished.

Notes
Turn   | Place    | Note
--------------------------------------------------------------
     0 | D:1      | magog001 the Octopode Assassin began the quest for the Orb.
     0 | D:1      | Reached XP level 1. HP: 14/14 MP: 1/1
   409 | D:1      | Reached XP level 2. HP: 14/19 MP: 2/2
   876 | D:2      | Reached XP level 3. HP: 24/24 MP: 3/3
   907 | D:2      | Reached skill level 6 in Stealth
  1537 | D:2      | Found a deep blue altar of Sif Muna.
  1543 | D:2      | Became a worshipper of Sif Muna the Loreminder
  1601 | D:3      | Reached XP level 4. HP: 29/29 MP: 4/4
  1607 | D:3      | HP: 1/29 [gnoll/antimagic halberd (3)]
  2417 | D:3      | Noticed an ogre
  2432 | D:3      | Mangled by an ogre

Action                   |  1- 3 |  4- 6 || total
-------------------------+-------+-------++-------
Melee: Dagger            |    29 |    14 ||    43
 Fire: Blowgun           |    14 |       ||    14
 Abil: Evoke Invisibilit |       |     2 ||     2
 Stab: Sleeping          |    15 |     4 ||    19
       Invisible         |       |     1 ||     1
  Eat: Chunk             |     2 |       ||     2
       Bread ration      |       |     1 ||     1
